 Dungeon Crawl Stone Soup version 0.27-b1-42-g19c61b19a5 (webtiles) character file.

Game seed: 5629929391682289916

26 Urokeeper the Sneak (level 2, -6/22 HPs)
             Began as a Vampire Brigand on July 29, 2021.
             Mangled by Natasha (9 damage)
             ... on level 2 of the Dungeon.
             The game lasted 00:04:28 (1071 turns).

Urokeeper the Sneak (Vampire Brigand)               Turns: 1071, Time: 00:04:29

Health: -6/22      AC:  0    Str: 10    XL:     2   Next: 89%
Magic:  2/2        EV: 14    Int: 13    God:
Gold:   68         SH:  0    Dex: 15    Spells: 1/1 levels left

rFire    . . .     SeeInvis +   (weapon currently unavailable)
rCold    . . .     Faith    .   (shield currently unavailable)
rNeg     . . .     Spirit   .   (armour currently unavailable)
rPois    .         Reflect  .   (helmet currently unavailable)
rElec    .         Harm     .   (cloak currently unavailable)
rCorr    .         Rampage  .   (gloves currently unavailable)
Will     .....                  (boots currently unavailable)
Stlth    +++.......             (no amulet)
HPRegen  0.27/turn              (ring currently unavailable)
MPRegen  0.08/turn              (ring currently unavailable)

@: pig-form (expiring), healing quickly, slowed
A: fast, no casting, alive, small, (fangs 3), see invisible, vampiric 1
a: Exsanguinate


You were on level 2 of the Dungeon.
You were a filthy swine.
You visited 1 branch of the dungeon, and saw 2 of its levels.

You collected 68 gold pieces.

Inventory:

Hand Weapons
 a - a +2 dagger
 h - a +1 dagger of protection (melded)
Missiles
 d - 15 poisoned darts (quivered)
 e - 2 curare-tipped darts
Armour
 b - a +0 scale mail (melded)
 c - a +0 cloak (melded)
 f - a +0 leather armour
Scrolls
 g - a scroll of brand weapon {unknown}
 j - a scroll of silence {unknown}
 k - a scroll of enchant armour {unknown}
Potions
 i - a potion of mutation {unknown}


   Skills:
 + Level 2.1 Fighting
 + Level 2.4 Short Blades
 + Level 1.6 Throwing
 + Level 0.5 Armour
 + Level 1.2 Dodging
 + Level 6.5 Stealth


You had one spell level left.
You didn't know any spells.
Your spell library contained the following spells:

 Spells                   Type           Power      Damage    Failure   Level
 Gell's Gravitas          Tloc           0%         N/A       67%         3
 Lesser Beckoning         Tloc           0%         N/A       67%         3
 Teleport Other           Tloc           0%         N/A       67%         3


Dungeon Overview and Level Annotations

Branches:
Dungeon (2/15)

Altars:
Ru

Annotations:
D:2 Natasha


Innate Abilities, Weirdness & Mutations

You are a filthy swine.
You move quickly.
Your equipment is almost entirely melded.
You are incapable of wielding weapons or throwing items.
You cannot cast spells.
Your natural rate of healing is accelerated.
((You have razor-sharp teeth.))
You have supernaturally acute eyesight. (SInv)
You are afflicted with vampirism.


Message History

Natasha wildly gestures.
Natasha's front paws start to glow.
Natasha zaps a wand.
You turn into a filthy swine.
Your +1 dagger of protection melds into your body.
Your +0 cloak melds into your body.
Your +0 scale mail melds into your body.
Your +1 dagger of protection goes still.
Natasha zaps a wand.
Natasha zaps a wand.
You resist with significant effort.
You feel yourself speed up.
Natasha casts a spell.
Natasha looks more healthy.
Natasha casts a spell at you. You resist with significant effort.
Natasha hisses.
Natasha misses you.
You barely miss Natasha.
Natasha is severely wounded.
Natasha stares at you and mumbles some strange words.
You feel yourself slow down.
You hit Natasha.
Natasha is almost dead.
Your transformation is almost over.
The shadow imp closely misses you.
Natasha zaps a wand.
The shadow imp hits you.
You barely miss Natasha.
Natasha is almost dead.
Natasha zaps a wand.
The shadow imp misses you. Natasha completely misses you.
You completely miss Natasha.
Natasha is almost dead.
The shadow imp hits you.
* * * LOW HITPOINT WARNING * * *
Natasha closely misses you. The shadow imp hits you.
* * * LOW HITPOINT WARNING * * *
You closely miss Natasha.
Natasha is almost dead.
Natasha wildly gestures.
Natasha glows brightly for a moment.
Natasha claws you!
You die...

####### #.....#
###.....# #.......#
#.....5.# #....hh.#
###...### #...# .
#############...#....
................'....>.
...##########...#.....#
.......... ............
...##############..h...
......# #.....


You could see Natasha and a shadow imp (summoned).

Vanquished Creatures
  5 endoplasms
  3 goblins
  A hobgoblin (D:2)
  2 jackals (D:2)
  2 quokkas (D:1)
  4 ball pythons (D:1)
  2 bats (D:1)
  A kobold (D:2)
  3 rats
23 creatures vanquished.

Vanquished Creatures (others)
  A fungus (D:2)
1 creature vanquished.

Grand Total: 24 creatures vanquished

Notes
Turn   | Place    | Note
-------+----------+-------------------------------------------
     0 | D:1      | Urokeeper the Vampire Brigand began the quest for the Orb.
     0 | D:1      | Reached XP level 1. HP: 16/16 MP: 1/1
    40 | D:1      | Reached skill level 6 in Stealth
   264 | D:1      | Reached XP level 2. HP: 10/22 MP: 2/2
   925 | D:2      | Found a sacrificial altar of Ru.
  1005 | D:2      | Found a faded altar of an unknown god.
  1046 | D:2      | Noticed Natasha
  1071 | D:2      | Mangled by Natasha

Illustrated notes

Levels and vault maps discovered:
D:1:      denvon_arrival_waterhouse, layout_loops_ring
D:2:      layout_basic, basic_altar, shapermc_ecumenical_altar_acropolis,
          uniq_natasha

Skill      XL: |  1  2 |
---------------+-------+-----
Stealth        | 6 |  6.5
Fighting       | 2 |  2.1
Short Blades   | |  2.4
Throwing       | |  1.6
Armour         | |  0.5
Dodging        | |  1.2

Action                   || total
-------------------------++-------
Melee: Dagger            ||    79
       Bite              ||     5
       Unarmed           ||     5
Throw: Dart              ||     6
 Stab: Sleeping          ||     7
Armor: Leather armour    ||    22
       Robe              ||     1
       Scale mail        ||     7
Dodge: Dodged            ||    39
